AoeStats
← Lord_Wilfredo

Black Forest

508919939Analyzed
4v4 RM · 7d ago on Sep 24, 2026· 62m 10s· 8 players
Game mode
Random Map
Map size
Large (8 player)
Population
200
Speed
Normal
Resources
Standard
Victory
Conquest
Starting age
Dark Age
Ending age
Imperial Age
RankedLock teamsTeams togetherTeam positionsShared explorationLock speedFull tech treeHidden civsTurbo modeCheats
Victory
Defeat
🇪🇸 Khmer · Spain
1332
+15
🇦🇷 Chinese · Argentina
1323
+16
🇵🇪 Japanese · Peru
1306
+16
🇮🇹 Franks · Italy
1273
+18
🇩🇪 Saxons · Germany
1337
-17
🇹🇷 Varangians · Türkiye
1330
-17
🇩🇪 Khmer · Germany
1317
-16
🇦🇺 Gurjaras · Australia
1285
-15
kraquen
1:05 Loom
14:28 Feudal Age
19:16 Castle Age
19:07 Stone Mining
19:23 Double-Bit Axe
39:16 Horse Collar
39:49 Bow Saw
41:17 Wheelbarrow
48:39 Imperial Age
45:58 Man-at-Arms
47:29 Fishing Lines
47:42 Gambesons
47:51 Gold Mining
48:20 Squires
48:24 Scale Mail Armor
48:53 Hand Cart
48:16 Long Swordsman
49:35 Gold Shaft Mining
49:11 Arson
48:57 Two-Handed Swordsman
49:00 Pikeman
50:13 Chain Mail Armor
51:17 Forging
52:22 Plate Mail Armor
53:27 Iron Casting
52:30 Halberdier
57:37 Blast Furnace
57:55 Fletching
60:05 Bodkin Arrow
60:11 Elite Samurai
SteveROGERS
11:26 Feudal Age
15:04 Castle Age
12:56 Double-Bit Axe
12:54 Horse Collar
16:19 Bow Saw
16:12 Heavy Plow
23:37 Stone Mining
25:00 Stone Shaft Mining
24:18 Gold Mining
25:57 Wheelbarrow
26:13 Town Watch
29:03 Imperial Age
27:03 Ballistics
27:31 Hand Cart
30:10 Double Crossbow
29:33 Heavy Scorpion
31:15 Chemistry
30:53 Crop Rotation
31:48 Siege Engineers
39:30 Conscription
39:15 Caravan
39:33 Loom
39:48 Town Patrol
48:43 Gold Shaft Mining
51:21 Scale Barding Armor
51:26 Forging
52:56 Chain Barding Armor
JorgeQuins
1:13 Loom
11:59 Feudal Age
14:22 Wheelbarrow
13:35 Double-Bit Axe
16:59 Castle Age
19:01 Bow Saw
19:53 Hand Cart
23:02 Scale Barding Armor
23:07 Forging
27:01 Forging
27:11 Chain Barding Armor
30:00 Stone Mining
30:01 Gold Mining
33:06 Imperial Age
31:51 Gold Shaft Mining
32:02 Caravan
33:07 Iron Casting
32:44 Husbandry
34:25 Cavalier
35:32 Conscription
35:58 Plate Barding Armor
36:24 Blast Furnace
35:54 Paladin
38:41 Chivalry
38:38 Light Cavalry
42:46 Chemistry
42:07 Ballistics
49:50 Murder Holes
Lord_Wilfredo
0:31 Loom
12:14 Feudal Age
13:46 Double-Bit Axe
16:14 Castle Age
14:13 Horse Collar
17:17 Bow Saw
24:00 Fletching
25:59 Wheelbarrow
27:18 Town Watch
31:16 Imperial Age
30:23 Hand Cart
31:01 Bodkin Arrow
31:06 Padded Archer Armor
31:22 Stone Mining
32:03 Heavy Scorpion
33:08 Conscription
32:58 Thumb Ring
33:34 Bracer
33:50 Leather Archer Armor
34:39 Chemistry
35:13 Two-Man Saw
34:57 Ballistics
34:48 Fortified Wall
35:35 Great Wall
35:22 Elite Chu Ko Nu
36:59 Heavy Plow
39:10 Bombard Tower
38:32 Elite Skirmisher
39:51 Caravan
44:41 Ring Archer Armor
44:59 Heavy Rocket Cart
58:05 Rocketry
61:31 Masonry
61:12 Heated Shot
61:58 Capped Ram
Saladin
6:43 Loom
12:13 Feudal Age
15:22 Castle Age
13:46 Double-Bit Axe
25:59 Wheelbarrow
30:55 Imperial Age
29:58 Gold Mining
31:55 Bow Saw
31:26 Horse Collar
32:16 Heavy Scorpion
33:13 Double Crossbow
35:20 Pikeman
36:02 Scale Mail Armor
36:13 Forging
35:55 Fletching
36:26 Siege Engineers
37:22 Chemistry
36:44 Halberdier
39:37 Ballistics
39:27 Careening
39:28 Masonry
41:05 Chain Mail Armor
41:26 Iron Casting
KIV.Theo
6:45 Loom
11:31 Feudal Age
12:10 Fishing Lines
12:17 Double-Bit Axe
18:44 Castle Age
19:42 Wheelbarrow
21:03 Gillnets
21:32 Bow Saw
24:30 Hand Cart
26:15 Squires
26:01 Gambesons
26:16 Scale Mail Armor
26:26 Forging
26:20 Stone Mining
26:20 Gold Mining
29:19 Fletching
30:20 Horse Collar
31:12 Heavy Plow
34:15 Chain Mail Armor
34:35 Iron Casting
33:28 Clerical Recruitment
36:05 Redemption
36:15 Sanctity
38:27 Imperial Age
36:03 Town Watch
39:32 Conscription
39:43 Plate Mail Armor
39:36 Block Printing
39:22 Atonement
39:47 Illumination
39:57 Theocracy
39:15 Elite Hearth Troop
40:13 Shield Wall
43:27 Hoardings
43:46 Caravan
46:51 Crop Rotation
47:34 Guilds
48:46 Coinage
48:21 Pikeman
50:23 Banking
50:06 Capped Ram
52:34 Halberdier
56:41 Two-Man Saw
57:54 Siege Ram
59:53 Fortified Wall
59:49 Siege Engineers
Gen ALPHA RIZZLER 67
7:26 Loom
11:06 Feudal Age
11:56 Double-Bit Axe
16:43 Fishing Lines
16:52 Fishing Lines
23:47 Castle Age
23:06 Bloodlines
23:59 Scale Barding Armor
24:46 Forging
26:30 Gillnets
27:05 Chain Barding Armor
30:09 Horse Collar
31:27 Iron Casting
32:44 Husbandry
33:35 Bow Saw
37:06 Imperial Age
37:11 Cavalier
38:28 Plate Barding Armor
38:29 Gold Mining
40:29 Blast Furnace
41:38 Coinage
43:44 Vendel Legacy
44:48 Conscription
45:09 Onager
47:52 Banking
47:30 Siege Engineers
48:26 Chemistry
48:36 Heavy Plow
49:16 Light Cavalry
50:31 Hussar
52:44 Crop Rotation
53:16 Two-Man Saw
52:31 Capped Ram
Darksun
2:18 Loom
14:23 Feudal Age
16:17 Double-Bit Axe
21:28 Castle Age
20:27 Fletching
21:18 Padded Archer Armor
22:33 Bodkin Arrow
25:01 Horse Collar
30:29 Thumb Ring
30:37 Bow Saw
32:01 Leather Archer Armor
33:31 Wheelbarrow
39:22 Hand Cart
39:11 Scale Mail Armor
39:21 Forging
42:45 Imperial Age
41:00 Ballistics
42:25 Iron Casting
42:22 Masonry
45:45 Fortified Wall
52:53 Light Cavalry
53:44 Bloodlines
53:34 Husbandry
54:04 Town Watch
55:55 Elite Skirmisher
60:11 Hussar
Connection lost

Rejoining the realm…

Still unreachable

The connection could not be restored.

Session expired

The server has moved on; the page needs a fresh start.